 Dungeon Crawl Stone Soup version 0.32-a0-120-gfac0567ad4 (webtiles) character file.

Game seed: 4674840769661182355

2439 PriceMaster the Firebug (level 9, -1/79 HPs)
             Began as an Octopode Fire Elementalist on Feb 7, 2024.
             Was an Elder of Okawaru.
             Slain by a gnoll sergeant
             ... wielding a +0 spear
              (7 damage)
             ... on level 7 of the Dungeon.
             The game lasted 00:16:41 (8279 turns).

PriceMaster the Firebug (OpFE)                      Turns: 8279, Time: 00:16:41

Health: -1/79      AC: 28    Str:  9    XL:     9   Next: 49%
Magic:  1/19       EV:  2    Int: 20    God:    Okawaru [****..]
Gold:   185        SH:  0    Dex: 12    Spells: 8/21 levels left

rFire   . . .        f - +2 whip (flame)
rCold   . . .        (no shield)
rNeg    . . .        (helmet currently unavailable)
rPois   +            (no amulet)
rElec   .            c - +4 ring of protection
rCorr   .            (no ring)
SInv    .            (no ring)
Will    .....        (no ring)
Stlth   +++          (no ring)
HPRegen 0.33/turn    (no ring)
MPRegen 0.16/turn    (no ring)
                     (no ring)

%: no passive effects
@: brilliant, tree-form, hasted, very quick
A: stationary, stasis, torment immunity, boosted hp, almost no armour,
(amphibious), 8 rings, (camouflage 1), (gelatinous body 1), (nimble swimmer 1),
(tentacles), (teleportitis 1)
a: Renounce Religion, Heroism, Finesse


You were on level 7 of the Dungeon.
You worshipped Okawaru.
Okawaru was greatly pleased with you.
You were a tree.
You visited 1 branch of the dungeon, and saw 7 of its levels.

You collected 299 gold pieces.
You spent 114 gold pieces at shops.

Inventory:

Hand Weapons
 a - a +0 short sword of flaming
 d - a +1 heavy whip
 f - a +2 whip of flaming (weapon)
Armour
 h - a +0 kite shield
Jewellery
 c - a +4 ring of protection (left branch)
Wands
 k - a wand of paralysis (7)
 m - a wand of mindburst (5)
 n - a wand of polymorph (8)
Scrolls
 i - 3 scrolls of poison
 j - a scroll of enchant armour
 p - a scroll of teleportation
Potions
 e - 2 potions of brilliance


   Skills:
 + Level 1.1 Fighting
 + Level 2.5 Maces & Flails
 + Level 3.0 Dodging
 + Level 4.6 Stealth
 + Level 6.8 Spellcasting
 + Level 4.3 Conjurations
 + Level 2.6 Hexes
 + Level 0.2 Translocations
 + Level 7.8 Fire Magic


You had 8 spell levels left.
You knew the following spells:

 Your Spells              Type           Power      Damage    Failure   Level
a - Foxfire               Conj/Fire      100%       2x1d9     1%          1
b - Scorch                Fire           100%       2d9       1%          2
c - Inner Flame           Hex/Fire       41%        N/A       3%          3
d - Volatile Blastmotes   Fire/Tloc      68%        2d15      5%          3
e - Flame Wave            Conj/Fire      46%        2d12      8%          4

Your spell library contained the following spells:

 Spells                   Type           Power      Damage    Failure   Level
 Sandblast                Erth           20%        2d7       10%         1
 Sigil of Binding         Hex            26%        N/A       10%         3
 Stone Arrow              Conj/Erth      46%        3d9       12%         3
 Passwall                 Erth           10%        N/A       28%         3
 Brom's Barrelling Bould  Conj/Erth      23%        2d4       36%         4
 Dimensional Bullseye     Hex/Tloc       9%         N/A       45%         4
 Call Canine Familiar     Summ           Unusable   N/A       N/A         3

Dungeon Overview and Level Annotations

Branches:
Dungeon (7/15)             Temple (0/1) D:4

Altars:
Okawaru
Vehumet

Shops:
D:5 ?


Innate Abilities, Weirdness & Mutations

You are a tree.
Your roots penetrate the ground, keeping you stationary.
You cannot be teleported.
You are immune to unholy pain and torment.
Your maximum health is greatly increased.
You cannot wear most types of armour.
((You are amphibious.))
You can wear up to eight rings at the same time.
((Your skin changes colour to match your surroundings (Stealth+).))
((Your rubbery body absorbs attacks. (AC +1, EV +1)))
((You are camouflaged when in or above water. (Stealth+)))
((You have tentacles for arms and can constrict up to eight enemies at once.))
((You are occasionally teleported next to monsters.))


Message History

You feel more clever all of a sudden.
As you read the scroll of immolation, it crumbles to dust.
The creatures around you are filled with an inner flame!
You feel sick.
Casting: Foxfire (safe; 1% risk of failure)
Confirm with . or Enter, or press ? or * to list all spells.
You don't have enough magic to cast this spell.
You feel sick.
You are no longer poisoned.
Casting: Foxfire (safe; 1% risk of failure)
Confirm with . or Enter, or press ? or * to list all spells.
You feel a surge of power!
You conjure some foxfire!
The foxfire hits the gnoll sergeant but does no damage.
The gnoll sergeant is lightly wounded.
The foxfire hits the gnoll sergeant.
The gnoll sergeant resists.
Flame seeps out of the gnoll sergeant.
The gnoll sergeant is moderately wounded.
The gnoll sergeant is engulfed in blazing flames.
Flame seeps out of the gnoll sergeant.
Casting: Foxfire (safe; 1% risk of failure)
Confirm with . or Enter, or press ? or * to list all spells.
You don't have enough magic to cast this spell.
The gnoll sergeant hits you but does no damage.
A gnoll comes into view. It is wielding a +0 spear.
Casting: Foxfire (safe; 1% risk of failure)
Confirm with . or Enter, or press ? or * to list all spells.
You don't have enough magic to cast this spell.
The gnoll sergeant hits you but does no damage.
Casting: Foxfire (safe; 1% risk of failure)
Confirm with . or Enter, or press ? or * to list all spells.
You don't have enough magic to cast this spell.
Casting: Foxfire (safe; 1% risk of failure)
Confirm with . or Enter, or press ? or * to list all spells.
You don't have enough magic to cast this spell.
The gnoll sergeant hits you but does no damage.
Casting: Foxfire (safe; 1% risk of failure)
Confirm with . or Enter, or press ? or * to list all spells.
You don't have enough magic to cast this spell.
The gnoll sergeant hits you from afar with a +0 spear!
You die...

'.......goo.[)..#.#.#
#.......######o##.#)#
...#..#.# #g##.#.# #
#..#.######.##.#.# ...
.......g......# ....
....####o##.#.# ##.#
.... #g##.#.####### #.
...#.####.##..........
.......♣...#.#######
.#......##.#.#
.............#
.#.###..##.#.# ..
.......<# . ##..##.#)#
#..##.#.# #.### #.#
...


You could see an orc warrior (inner flame), a gnoll sergeant (inner flame), 2
gnolls and an orc (inner flame).

Vanquished Creatures
  Pikel (D:6)
  Eustachio (D:4)
  A water moccasin (D:7)
  3 orc warriors
  The ghost of EnigmaSakura the Chopper, an amateur AtBe of Yredelemnul (D:4)
  An ogre (D:4)
  A lemure (D:6)
  A phantom (D:6)
  6 scorpions
  A killer bee (D:7)
  3 bombardier beetles
  4 hounds
  An orc priest (D:7)
  2 gnoll boudas
  2 jellies
  5 iguanas
  3 orc wizards
  10 gnolls
  5 adders
  A shadow imp (D:7)
  A white imp (D:6)
  2 ufetubi (D:6)
  4 dart slugs
  21 orcs
  6 bats
  9 endoplasms
  3 giant cockroaches
  9 goblins
  6 hobgoblins
  2 jackals (D:1)
  4 quokkas
  6 ball pythons
  3 frilled lizards (D:1)
  5 kobolds
  5 rats
139 creatures vanquished.

Vanquished Creatures (others)
  333 foxfires
333 creatures vanquished.

Grand Total: 472 creatures vanquished

Notes
Turn   | Place    | Note
-------+----------+-------------------------------------------
     0 | D:1      | PriceMaster the Octopode Fire Elementalist began the quest
                  | for the Orb.
     0 | D:1      | Reached XP level 1. HP: 11/11 MP: 3/3
   264 | D:1      | Reached XP level 2. HP: 17/17 MP: 1/5
   267 | D:1      | Learned a level 2 spell: Scorch
   418 | D:1      | Found a faded altar of an unknown god.
   615 | D:1      | Prayed at the altar of an unknown god.
   615 | D:1      | Became a worshipper of Warmaster Okawaru
   615 | D:1      | Reached * piety under Okawaru
   690 | D:1      | Reached XP level 3. HP: 21/21 MP: 6/6
   698 | D:1      | Learned a level 3 spell: Inner Flame
  1244 | D:2      | Reached XP level 4. HP: 14/27 MP: 0/8
  1662 | D:3      | Reached skill level 1 in Hexes
  1937 | D:3      | Reached XP level 5. HP: 8/31 MP: 0/9
  3072 | D:4      | Reached skill level 4 in Fire Magic
  3201 | D:4      | Reached XP level 6. HP: 36/36 MP: 7/11
  3813 | D:4      | Found a radiant altar of Vehumet.
  3987 | D:4      | Found a runed translucent gate.
  3987 | D:4      | Found a runed translucent gate.
  3988 | D:4      | Found a runed translucent gate.
  3996 | D:4      | Noticed EnigmaSakura's ghost (amateur AtBe)
  4152 | D:4      | Reached ** piety under Okawaru
  4476 | D:4      | Noticed Eustachio
  4488 | D:4      | Killed Eustachio
  4489 | D:4      | Reached skill level 5 in Fire Magic
  4489 | D:4      | Reached XP level 7. HP: 42/42 MP: 2/13
  4698 | D:4      | Found a staircase to the Ecumenical Temple.
  4741 | D:4      | Killed EnigmaSakura's ghost
  4742 | D:4      | Reached skill level 1 in Maces & Flails
  4844 | D:5      | Entered Level 5 of the Dungeon
  4877 | D:5      | Reached *** piety under Okawaru
  5441 | D:5      | Reached skill level 5 in Spellcasting
  5441 | D:5      | Reached XP level 8. HP: 47/47 MP: 0/15
  5445 | D:5      | Learned a level 3 spell: Volatile Blastmotes
  6013 | D:5      | Found Udatupp's Magic Scroll Boutique.
  6021 | D:5      | Bought a scroll of brand weapon for 114 gold pieces
  6364 | D:6      | Reached skill level 6 in Fire Magic
  6929 | D:6      | Noticed Pikel
  6941 | D:6      | Killed Pikel
  6941 | D:6      | Reached **** piety under Okawaru
  6942 | D:6      | Reached XP level 9. HP: 26/52 MP: 3/18
  6960 | D:6      | Reached skill level 7 in Fire Magic
  6974 | D:6      | Reached skill level 1 in Fighting
  7409 | D:6      | Gained mutation: You are occasionally teleported next to
                  | monsters. [potion of mutation]
  7587 | D:6      | Learned a level 4 spell: Flame Wave
  8279 | D:7      | Slain by a gnoll sergeant

Illustrated notes

Levels and vault maps discovered:
D:1:      heliophobic_arrival_battle_scene, layout_loops_ring,
          ebering_ecumenical_altar_box, serial_park_tiny_2,
          kennysheep_nondescript, nrook_loot_triangle
D:2:      layout_rooms
D:3:      cheibrodos_old_hovel, layout_basic, nicolae_overflow_hidden_temple
D:4:      nicolae_BIG_FREAKIN_CUBE, layout_loops_corners, vehumet_crystals,
          minmay_temple_entry_hall, gammafunk_ghost_split,
          amcnicky_mini_rare_corridor_liquid, chequers_decorated_corner,
          uniq_eustachio
D:5:      layout_basic, serial_shops, shop
D:6:      layout_loops_corners, uniq_pikel
D:7:      layout_basic

Skill      XL: |  1  2  3  4  5  6  7  8  9 |
---------------+----------------------------+-----
Stealth        | 3 4 |  4.6
Spellcasting   | 3 4 5 6 |  6.8
Hexes          | 1 2 |  2.6
Fire Magic     | 4 5 6 7 |  7.8
Conjurations   | 2 4 |  4.3
Maces & Flails | 1 2 |  2.5
Fighting       | 1 |  1.1
Dodging        | 3 |  3.0
Translocations | |  0.2

Action                     |  1- 3 |  4- 6 |  7- 9 || total
---------------------------+-------+-------+-------++-------
  Melee: Unarmed           |     5 |       |       ||     5
         Constrict         |    12 |     8 |     4 ||    24
         Tentacles         |     8 |     3 |     5 ||    16
         Whip              |    31 |    28 |    32 ||    91
         Punch             |       |     2 |       ||     2
   Cast: Foxfire           |    25 |    91 |   102 ||   218
         Scorch            |     2 |    15 |    28 ||    45
         Inner Flame       |     2 |    15 |    22 ||    39
         Volatile Blastmot |       |       |     6 ||     6
         Flame Wave        |       |       |     1 ||     1
  Evoke: Wand              |       |       |     6 ||     6
    Use: Potion            |     2 |     1 |    15 ||    18
         Scroll            |       |     5 |     8 ||    13
   Stab: Sleeping          |     4 |     1 |     1 ||     6
 Armour: Skin              |    13 |    27 |    81 ||   121
  Dodge: Dodged            |    20 |    20 |    45 ||    85

Table legend: (Time is in decaauts)
 A = Elapsed time spent in this place.
 B = Non-inter-level travel time spent in this place.
 C = Inter-level travel time spent in this place.
 D = Time resting spent in this place.
 E = Time spent auto-exploring this place.
 F = Levels seen in this place.
 G = Mean time per level.
                   A        B        C        D        E       F      G
               +--------+--------+--------+--------+--------+-----+--------+
         Total |   8281 |   8189 |     92 |   2234 |   4887 |   7 | 1183.0 |
       Dungeon |   8281 |   8189 |     92 |   2234 |   4887 |   7 | 1183.0 |
               +--------+--------+--------+--------+--------+-----+--------+

Top non-repeatable levels by time:
     D:3: 1798 daAuts
     D:4: 1789 daAuts
     D:6: 1720 daAuts
     D:5: 1345 daAuts
     D:1: 1109 daAuts
     D:7: 367 daAuts
     D:2: 150 daAuts
